 Dungeon Crawl Stone Soup version 0.30.1-11-g7821555f0a (webtiles) character file.

Game seed: 16035284826178968004

2921 lonewolfV2 the Protected (level 9, 0/70 HPs)
             Began as a Minotaur Fighter on Oct 31, 2023.
             Was an Elder of Qazlal.
             Slain by a killer bee (6 damage)
             ... on level 8 of the Dungeon.
             The game lasted 00:11:16 (6600 turns).

lonewolfV2 the Protected (Minotaur Fighter)         Turns: 6600, Time: 00:11:17

Health: 0/70       AC: 13    Str: 22    XL:     9   Next: 50%
Magic:  14/14      EV: 13    Int: 11    God:    Qazlal [****..]
Gold:   350        SH: 10    Dex: 13    Spells: 8/8 levels left

rFire   . . .        a - +1 war axe
rCold   . . .        c - +0 buckler
rNeg    . . .        b - +0 scale mail
rPois   .            (helmet restricted)
rElec   .            s - +0 cloak
rCorr   .            (no gloves)
SInv    .            l - +2 pair of boots
Will    .....        k - amulet of faith Stlth
                     i - +6 ring of intelligence
HPRegen 0.31/turn    (no ring)
MPRegen 0.14/turn

%: repel missiles, faith
@: no status effects
A: horns 2, retaliatory headbutt
a: Renounce Religion, Upheaval, Elemental Force


You were on level 8 of the Dungeon.
You worshipped Qazlal.
Qazlal was greatly pleased with you.
You visited 1 branch of the dungeon, and saw 8 of its levels.

You collected 350 gold pieces.

Inventory:

Hand Weapons
 a - a +1 war axe (weapon)
Armour
 b - a +0 scale mail (worn)
 c - a +0 buckler (worn)
 l - a +2 pair of boots (worn)
 s - a +0 cloak (worn)
Jewellery
 i - a +6 ring of intelligence (left hand)
 k - an amulet of faith (around neck)
Wands
 p - a wand of acid (12)
 y - a wand of iceblast (6)
Scrolls
 f - 2 scrolls of fear
 q - 3 scrolls of blinking
 t - 2 scrolls of teleportation
 u - a scroll of identify
 v - a scroll of fog {unknown}
 w - 2 scrolls of amnesia
Potions
 d - a potion of might
 e - a potion of ambrosia
 g - 3 potions of degeneration
 h - 3 potions of invisibility
 j - a potion of brilliance {unknown}
 m - a potion of lignification
 o - a potion of haste
 r - 4 potions of flight


   Skills:
 - Level 3.6 Fighting
 - Level 2.4 Axes
 + Level 8.5 Armour
 + Level 8.0 Dodging
 - Level 4.6 Shields
 * Level 8.5 Invocations


You had 8 spell levels left.
You didn't know any spells.
Your spell library contained the following spells:

 Spells                   Type           Power      Damage    Failure   Level
 Sandblast                Erth           0%         2d4       69%         1
 Passwall                 Tmut/Erth      0%         N/A       83%         2
 Stone Arrow              Conj/Erth      0%         3d7       96%         3
 Passage of Golubria      Tloc           0%         N/A       100%        4
 Silence                  Hex/Air        0%         N/A       100%        5
 Lehudib's Crystal Spear  Conj/Erth      0%         10d2      100%        8


Dungeon Overview and Level Annotations

Branches:
Dungeon (8/15)             Temple (0/1) D:7
   Lair: D:8-11

Altars:
Ashenzari
Cheibriados
Dithmenos
Elyvilon
Hepliaklqana
Makhleb
Qazlal
Ru
Uskayaw
Yredelemnul

Shops:
D:1 ?   D:3 =

Annotations:
D:8 3 runed translucent doors, Nexanis's ghost, novice HuCj


Innate Abilities, Weirdness & Mutations

You have a pair of horns on your head.
You reflexively headbutt those who attack you in melee.


Message History

The killer bee is moderately wounded.
The killer bee stings you but does no damage.
The killer bee misses you. You furiously retaliate!
You headbutt the killer bee!
You kill the killer bee!
Qazlal accepts your kill. The killer bee completely misses you.
You barely miss the killer bee. Your headbutt misses the killer bee.
The killer bee stings you. You block the killer bee's attack.
The killer bee stings you but does no damage.
You closely miss the killer bee. The killer bee closely misses you.
The killer bee stings you.
* * * LOW HITPOINT WARNING * * *
You are poisoned.
The killer bee poisons you! You block the killer bee's attack.
You hit the killer bee.
The killer bee is moderately wounded.
You feel very sick. You block the killer bee's attack. x2
You hit the killer bee.
The killer bee is severely wounded.
You feel sick. You block the killer bee's attack. x2
The killer bee stings you but does no damage.
You closely miss the killer bee. Your headbutt misses the killer bee.
The killer bee is severely wounded.
You feel sick. You block the killer bee's attack. x2
The killer bee stings you but does no damage.
You miss the killer bee.
The killer bee is severely wounded.
The walls and floor vibrate strangely for a moment.
You feel sick. The killer bee stings you!
* * * LOW HITPOINT WARNING * * *
You block the killer bee's attack.
The killer bee stings you but does no damage.
You miss the killer bee.
The killer bee is severely wounded.
You feel sick.
You are no longer poisoned.
The killer bee stings you.
You die...

### #.## #.. #.#######
############.#.....#
......y@...:........
.###########.#.###.#####
...................
.######.#.##...####
#......#..+....# #
#.#########.<[.###
#.##########.#....
#.#<..).)..))#.##+
#.....>)).....##W.


You could see a killer bee.

Vanquished Creatures
  3 steam dragons
  A water moccasin (D:8)
  A sky beast (D:7)
  An orc warrior (D:8)
  An ice beast (D:6)
  A phantom (D:6)
  A kobold brigand (D:7)
  A bullfrog (D:8)
  Blork the orc (D:4)
  A scorpion (D:6)
  A gnoll sergeant (D:8)
  8 wights (D:8)
  10 killer bees (D:8)
  A howler monkey (D:5)
  3 hounds
  A jelly (D:6)
  An orc priest (D:4)
  A gnoll bouda (D:7)
  2 iguanas (D:4)
  Jessica (D:3)
  A sleepcap (D:5)
  Terence (D:3)
  Natasha (thrice) (D:3)
  3 orc wizards
  19 gnolls
  7 adders
  2 shadow imps (D:6)
  2 white imps
  2 ufetubi (D:5)
  3 dart slugs (D:1)
  17 orcs
  8 endoplasms
  6 giant cockroaches
  16 goblins
  8 hobgoblins
  8 jackals
  5 quokkas
  5 ball pythons
  6 bats
  3 frilled lizards
  12 kobolds
  6 rats
184 creatures vanquished.

Notes
Turn   | Place    | Note
-------+----------+-------------------------------------------
     0 | D:1      | lonewolfV2 the Minotaur Fighter began the quest for the
                  | Orb.
     0 | D:1      | Reached XP level 1. HP: 19/19 MP: 0/0
    80 | D:1      | Reached skill level 1 in Dodging
    84 | D:1      | Reached XP level 2. HP: 26/26 MP: 1/1
   222 | D:1      | Reached XP level 3. HP: 31/31 MP: 2/2
   458 | D:1      | Found Naisaly's Magic Scroll Shop.
   712 | D:2      | Found a basalt altar of Yredelemnul.
   900 | D:2      | Found a faded altar of an unknown god.
   944 | D:2      | Reached XP level 4. HP: 32/39 MP: 3/3
  1138 | D:3      | Found a white marble altar of Elyvilon.
  1168 | D:3      | Found Vetu Kad's Jewellery Shoppe.
  1178 | D:3      | Noticed Terence
  1191 | D:3      | Killed Terence
  1291 | D:3      | Found a stormy altar of Qazlal.
  1312 | D:3      | Became a worshipper of Qazlal Stormbringer
  1341 | D:3      | Reached XP level 5. HP: 33/45 MP: 4/4
  1350 | D:3      | Reached skill level 1 in Invocations
  1573 | D:3      | Noticed Natasha
  1588 | D:3      | Killed Natasha
  1656 | D:3      | Reached * piety under Qazlal
  1744 | D:3      | Noticed Natasha
  1755 | D:3      | Killed Natasha
  1838 | D:3      | Found a broken altar of Ashenzari.
  1970 | D:3      | Noticed Natasha
  1977 | D:3      | Killed Natasha
  1978 | D:3      | Reached skill level 5 in Armour
  1978 | D:3      | Reached XP level 6. HP: 51/51 MP: 6/6
  2013 | D:3      | Noticed Jessica
  2016 | D:3      | Found a shadowy altar of Dithmenos.
  2019 | D:3      | Killed Jessica
  2446 | D:4      | Found a sacrificial altar of Ru.
  2559 | D:4      | Reached ** piety under Qazlal
  2720 | D:4      | Noticed Blork the orc
  2726 | D:4      | Killed Blork the orc
  2727 | D:4      | Reached skill level 5 in Dodging
  2727 | D:4      | Reached XP level 7. HP: 48/57 MP: 8/8
  2888 | D:5      | Entered Level 5 of the Dungeon
  3363 | D:5      | Found a large runed translucent door.
  3366 | D:5      | Found a large runed translucent door.
  3988 | D:5      | Found a hazy altar of Hepliaklqana.
  4028 | D:5      | Found a hide-covered altar of Uskayaw.
  4784 | D:6      | Found a burning altar of Makhleb.
  4787 | D:6      | Found a snail-covered altar of Cheibriados.
  4799 | D:6      | Noticed a steam dragon
  4807 | D:6      | Killed a steam dragon
  4808 | D:6      | Reached skill level 5 in Invocations
  4808 | D:6      | Reached XP level 8. HP: 64/64 MP: 9/11
  5706 | D:7      | Reached *** piety under Qazlal
  5960 | D:7      | Found a staircase to the Ecumenical Temple.
  6005 | D:7      | You fall into a shaft and drop 1 floor!
  6039 | D:8      | Found a flagged portal.
  6251 | D:8      | Reached XP level 9. HP: 20/70 MP: 13/13
  6405 | D:8      | Found a runed translucent gate.
  6406 | D:8      | Found a runed translucent gate.
  6406 | D:8      | Found a runed translucent gate.
  6407 | D:8      | Noticed Nexanis's ghost (novice HuCj)
  6407 | D:8      | Noticed an 11-headed hydra
  6470 | D:8      | HP: 1/70 [gnoll sergeant/+3 vampiric trident (9)]
  6474 | D:8      | Reached **** piety under Qazlal
  6600 | D:8      | Slain by a killer bee

Illustrated notes

Levels and vault maps discovered:
D:1:      doesnt_arrival_eight_statues, layout_rooms, serial_shops, shop
D:2:      layout_rooms, basic_altar, shapermc_ecumenical_altar_starsandcircs,
          minmay_goblin_outpost
D:3:      layout_rooms, grunt_qazlal_clouds, elyvilon_altar_1,
          mainiacjoe_overflow_surrounded_room, lemuel_coloured_pillars_altar,
          serial_shops, shop, kennysheep_generic_room_7, uniq_terence,
          uniq_jessica, uniq_natasha
D:4:      layout_rooms, nicolae_ru_sacrificial_ziggurat, uniq_blork_the_orc
D:5:      layout_basic, jmf_multi_god_temple2, serial_aquarium,
          aquarium_bridge_long_joined [aquarium_subvault_wall,
          aquarium_subvault_window, aquarium_subvault_wall,
          aquarium_subvault_wall, aquarium_subvault_wall,
          aquarium_subvault_bridge], aquarium_bridge_straight
          [aquarium_subvault_bridge, aquarium_subvault_wall,
          aquarium_subvault_bridge, aquarium_subvault_wall],
          aquarium_window_fake, aquarium_window_1, aquarium_view_2c,
          aquarium_balcony_3b, aquarium_pool_side
D:6:      nicolae_whirlpool, layout_gridville, nicolae_overflow_squiral
D:7:      layout_cave_pools, minmay_temple_entry_gardened_gates,
          gammafunk_ghost_necromancy, uniq_prince_ribbit1, uniq_menkaure,
          uniq_joseph
D:8:      layout_basic, dk_yredelemnul_ordeal, amethyst_overflow_temple_binary,
          gammafunk_ghost_hydra_chop, enter_bailey_3

Skill      XL: |  1  2  3  4  5  6  7  8  9 |
---------------+----------------------------+-----
Dodging        | 1 2 3 4 5 6 7 8 |  8.0
Armour         | 4 5 6 7 8 |  8.5
Shields        | 4 |  4.6
Invocations    | 2 3 5 7 8 |  8.5
Fighting       | |  3.6
Axes           | |  2.4

Action                     |  1- 3 |  4- 6 |  7- 9 || total
---------------------------+-------+-------+-------++-------
  Melee: War axe           |    72 |   158 |   243 ||   473
         Headbutt          |    11 |    16 |    44 ||    71
    Use: Scroll            |     5 |       |     9 ||    14
         Potion            |       |       |     7 ||     7
 Armour: Scale mail        |    51 |    83 |   180 ||   314
  Dodge: Dodged            |    67 |    94 |   225 ||   386
  Block: Buckler           |    16 |    43 |   170 ||   229
